 Dungeon Crawl Stone Soup version 0.32-a0-589-g2d1f746d5d (webtiles) character file.

Game seed: 1876978438714807346

563 Dirtsage the Chopper (level 7, 64/78 HPs)
             Began as a Demonspawn Berserker on Mar 1, 2024.
             Was a Priest of Trog.
             Quit the game on level 6 of the Dungeon on Mar 2, 2024.
             The game lasted 00:06:12 (3620 turns).

Dirtsage the Chopper (Demonspawn Berserker)         Turns: 3620, Time: 00:06:13

Health: 64/78      AC: 16    Str: 19    XL:     7   Next: 10%
Magic:  7/7        EV:  8    Int:  7    God:    Trog [***...]
Gold:   89         SH:  4    Dex: 13    Spells: 6/6 levels left

rFire   . . .        a - +0 hand axe
rCold   . . .        (no shield)
rNeg    . . .        g - +0 chain mail
rPois   .            (no helmet)
rElec   .            (no cloak)
rCorr   +            i - +1 pair of gloves
SInv    .            (no boots)
Will    .....        (no amulet) Stlth
                     C - ring of resist corrosion
HPRegen 0.33/turn    (no ring)
MPRegen 0.20/turn

%: no passive effects
@: berserking (expiring), very quick
A: slimy green scales 1, icemail 1, magic regeneration, condensation shield,
weakness stinger 1
a: Renounce Religion, Berserk, Trog's Hand


You were on level 6 of the Dungeon.
You worshipped Trog.
Trog was most pleased with you.
You visited 1 branch of the dungeon, and saw 5 of its levels.

You collected 210 gold pieces.
You spent 121 gold pieces at shops.

Inventory:

Hand Weapons
 a - a +0 hand axe (weapon)
 b - the +4 dagger of Cruel Justice {flame, Fly rC+}
   (You found it on level 2 of the Dungeon)

   rC+:       It protects you from cold.
   Fly:       It grants you flight.
Armour
 g - a +0 chain mail (worn)
 i - a +1 pair of gloves (worn)
Jewellery
 C - a ring of resist corrosion (left hand)
Scrolls
 e - a scroll of butterflies {unknown}
 f - a scroll of blinking {unknown}
 j - 4 scrolls of identify {unknown}
 k - 2 scrolls of fog {unknown}
 n - 2 scrolls of amnesia {unknown}
 p - 2 scrolls of teleportation {unknown}
 q - a scroll of revelation {unknown}
Potions
 c - a potion of mutation {unknown}
 d - 2 potions of brilliance {unknown}
 h - a potion of enlightenment {unknown}
 l - a potion of heal wounds
 m - a potion of haste {unknown}
 o - a potion of magic {unknown}
 r - 2 potions of curing {unknown}
 s - a potion of invisibility {unknown}
 t - a potion of lignification
 u - a potion of attraction


   Skills:
 - Level 3.0 Fighting
 + Level 7.5 Axes
 - Level 1.7 Armour
 - Level 1.7 Dodging


You had 6 spell levels left.
You didn't know any spells.
Your spell library contained the following spells:

 Spells                   Type           Power      Damage    Failure   Level
 Necrotise                Necr           0%         1d4       99%         1
 Cigotuvi's Dreadful Rot  Necr/Alch/Air  0%         N/A       99%         2
 Vampiric Draining        Necr           0%         2d6       100%        3
 Dispel Undead            Necr           0%         3d6       100%        4
 Martyr's Knell           Necr/Summ      0%         N/A       100%        4
 Curse of Agony           Necr           0%         N/A       100%        5
 Death Channel            Necr           0%         N/A       100%        6


Dungeon Overview and Level Annotations

Branches:
Dungeon (4/15)
 Temple: D:4-7

Altars:
Fedhas
Gozag
Kikubaaqudgha
Ru
Vehumet
Xom

Shops:
D:4 !


Innate Abilities, Weirdness & Mutations

You are partially covered in slimy green scales. (AC +2)
A meltable icy envelope protects you from harm. (AC +4)
You regenerate magic rapidly.
A meltable shield of frost defends you. (SH +4)
You have a small tail.


Message History

Menkaure casts a spell at you. Pain shoots through your body!
You now have 60/70 hp.
You feel a strong urge to attack something.
Menkaure closely misses you.
You see here a potion of lignification.
You barely miss Menkaure. You slash Menkaure!
Menkaure is moderately damaged.
Menkaure hits you.
You take 4 damage, and have 56/70 hp.
You slash Menkaure!
Menkaure is almost destroyed.
You slash Menkaure!
You destroy Menkaure!
Trog accepts your kill.
Trog appreciates your killing of a magic user.
You hit the water moccasin. The water moccasin barely misses you.
Your Axes skill increases to level 7!
You slash the water moccasin!
The water moccasin is heavily wounded.
The water moccasin bites you but does no damage.
You slash the water moccasin!
The water moccasin is almost dead.
You barely miss the water moccasin.
The water moccasin is almost dead.
The water moccasin barely misses you.
You slash the water moccasin!
You kill the water moccasin!
Trog accepts your kill.
You have reached level 7!
Your demonic ancestry asserts itself...
Slimy green scales grow over part of your body.
You regained 7 hp, and now have 64/78 hp.
MP restored: 7 You slash the orc!
You kill the orc!
Trog accepts your kill.
You see here a +0 dagger.
Are you sure you want to abandon this character and quit the game? (Confirm with "yes".)

#.# #.≈.####.. .≈. #.#
#.≈.#...###.≈. #.#
#.≈.#.≈≈._#.≈.
#.###.≈.#.≈...#.≈.
#.##.≈.#.≈...#.≈.#
#.##.≈.#.≈_.##.≈.# .
#.##.≈.#.≈≈≈...≈.# ...
#!##.≈.#....≈≈≈≈.#
.....#@##.≈.#####.....#
......?.(..≈......######
........#..≈≈≈≈≈≈≈
......#.##........
#....##.#####.#### #...$
#.. .# .... ... ## ....
##.


There were no monsters in sight!

Vanquished Creatures
  Menkaure (D:6)
  A water moccasin (D:6)
  An ice beast (D:6)
  An electric eel (D:6)
  A hound (D:6)
  6 adders
  4 ribbon worms (D:2)
  5 dart slugs
  3 orcs
  10 bats
  7 endoplasms
  2 giant cockroaches
  13 hobgoblins
  12 jackals
  A quokka (D:3)
  5 ball pythons
  A frilled lizard (D:3)
  6 goblins
  5 kobolds
  9 rats
94 creatures vanquished.

Vanquished Creatures (others)
  A rat (D:1)
1 creature vanquished.

Grand Total: 95 creatures vanquished

Notes
Turn   | Place    | Note
-------+----------+-------------------------------------------
     0 | D:1      | Dirtsage the Demonspawn Berserker began the quest for the
                  | Orb.
     0 | D:1      | Reached XP level 1. HP: 18/18 MP: 1/1
    33 | D:1      | Reached skill level 3 in Axes
    78 | D:1      | Gained mutation: A meltable shield of frost defends you.
                  | (SH +4) [demonic ancestry]
    78 | D:1      | Reached XP level 2. HP: 8/24 MP: 2/2
   384 | D:1      | Gained mutation: A meltable icy envelope protects you from
                  | harm. (AC +4) [demonic ancestry]
   384 | D:1      | Reached XP level 3. HP: 9/29 MP: 3/3
   610 | D:1      | Reached skill level 4 in Axes
   747 | D:2      | Identified the +4 dagger of Cruel Justice {flame, Fly rC+}
  1136 | D:2      | Reached ** piety under Trog
  1287 | D:2      | Gained mutation: You regenerate magic rapidly. [demonic
                  | ancestry]
  1287 | D:2      | Reached XP level 4. HP: 32/35 MP: 4/4
  2090 | D:3      | Found a radiant altar of Vehumet.
  2301 | D:3      | Reached skill level 5 in Axes
  2419 | D:3      | Found an ancient bone altar of Kikubaaqudgha.
  2425 | D:3      | Found a sacrificial altar of Ru.
  2497 | D:3      | Gained mutation: You have a small tail. [demonic ancestry]
  2497 | D:3      | Reached XP level 5. HP: 40/41 MP: 5/5
  2512 | D:3      | Found a shimmering altar of Xom.
  3249 | D:4      | Found Tunas's Distillery.
  3266 | D:4      | Bought a potion of heal wounds for 55 gold pieces
  3266 | D:4      | Bought a potion of lignification for 33 gold pieces
  3266 | D:4      | Bought a potion of attraction for 33 gold pieces
  3368 | D:4      | Upgraded the game from 0.32-a0-558-g233958a4c4 to
                  | 0.32-a0-589-g2d1f746d5d
  3495 | D:4      | You fall into a shaft and drop 2 floors!
  3495 | D:6      | Found a blossoming altar of Fedhas.
  3495 | D:6      | Found an opulent altar of Gozag.
  3498 | D:6      | Noticed an ice beast
  3506 | D:6      | Killed an ice beast
  3507 | D:6      | Reached skill level 6 in Axes
  3554 | D:6      | Reached *** piety under Trog
  3555 | D:6      | Reached XP level 6. HP: 37/47 MP: 6/6
  3606 | D:6      | Noticed Menkaure
  3607 | D:6      | Noticed a water moccasin
  3613 | D:6      | Killed Menkaure
  3614 | D:6      | Reached skill level 7 in Axes
  3617 | D:6      | Killed a water moccasin
  3618 | D:6      | Gained mutation: You are partially covered in slimy green
                  | scales. (AC +2) [demonic ancestry]
  3618 | D:6      | Reached XP level 7. HP: 52/52 MP: 7/7
  3620 | D:6      | Quit the game

Illustrated notes

Levels and vault maps discovered:
D:1:      wheals_arrival_shading, layout_basic
D:2:      minmay_chambers_of_ones, layout_basic
D:3:      layout_loops_corners, mainiacjoe_overflow_paths,
          mainiacjoe_overflow_six_doors_small,
          mainiacjoe_overflow_catwalk_spiral
D:4:      layout_gridville, serial_shops, nicolae_shop_tiny_glass
D:6:      layout_basic, lemuel_zombie_altar_yredelemnul,
          nicolae_wu_jian_wuxing_cycle, nicolae_overflow_squiral, serial_shops,
          nicolae_shop_tiny_real_fake_doors, uniq_pikel, uniq_blork_the_orc,
          uniq_menkaure

Skill      XL: |  1  2  3  4  5  6 |
---------------+-------------------+-----
Axes           | 3 4 5 6 7 |  7.5
Fighting       | |  3.0
Armour         | |  1.7
Dodging        | |  1.7

Action                     |  1- 3 |  4- 6 |  7- 9 || total
---------------------------+-------+-------+-------++-------
  Melee: Hand axe          |   183 |   161 |     1 ||   345
         Tailslap          |       |     6 |       ||     6
         Dagger            |       |     2 |       ||     2
 Invoke: Berserk           |       |     2 |       ||     2
 Armour: Animal skin       |    47 |       |       ||    47
         Chain mail        |    57 |   107 |       ||   164
  Dodge: Dodged            |    96 |    65 |       ||   161
  Block: Other             |    29 |    28 |       ||    57

Table legend: (Time is in decaauts)
 A = Elapsed time spent in this place.
 B = Non-inter-level travel time spent in this place.
 C = Inter-level travel time spent in this place.
 D = Time resting spent in this place.
 E = Time spent auto-exploring this place.
 F = Levels seen in this place.
 G = Mean time per level.
                   A        B        C        D        E       F      G
               +--------+--------+--------+--------+--------+-----+--------+
         Total |   3647 |   3571 |     76 |     38 |   2796 |   5 |  729.4 |
       Dungeon |   3647 |   3571 |     76 |     38 |   2796 |   5 |  729.4 |
               +--------+--------+--------+--------+--------+-----+--------+

Top non-repeatable levels by time:
     D:2: 1348 daAuts
     D:3: 1077 daAuts
     D:1: 756 daAuts
     D:4: 337 daAuts
     D:6: 127 daAuts
